 Dungeon Crawl Stone Soup version 0.29-a0-323-g050149af67 (webtiles) character file.

Game seed: 2619703762385439490

74 oblizorion1 the Skirmisher (level 4, 0/40 HPs)
             Began as a Hill Orc Fighter on Apr 11, 2022.
             Slain by a mummy (15 damage)
             ... on level 3 of the Dungeon.
             The game lasted 00:10:02 (3606 turns).

oblizorion1 the Skirmisher (Hill Orc Fighter)       Turns: 3606, Time: 00:10:03

Health: 0/40       AC:  8    Str: 20    XL:     4   Next: 30%
Magic:  4/4        EV:  9    Int:  8    God:
Gold:   138        SH:  4    Dex: 10    Spells: 3/3 levels left

rFire   . . .      SeeInvis .   i - +2 whip (drain)
rCold   . . .      Faith    .   c - +0 buckler
rNeg    . . .      Spirit   .   b - +0 scale mail
rPois   .          Reflect  .   (no helmet)
rElec   .          Harm     .   (no cloak)
rCorr   .          Rampage  .   o - +0 pair of gloves
Will    .....                   (no boots)
Stlth   ..........              (no amulet)
HPRegen 0.13/turn               (no ring)
MPRegen 0.09/turn               (no ring)

@: no status effects
A: no striking features
a: no special abilities


You were on level 3 of the Dungeon.
You visited 1 branch of the dungeon, and saw 3 of its levels.

You collected 138 gold pieces.

Inventory:

Hand Weapons
 a - a +0 war axe
 i - a +2 whip of draining (weapon)
 n - a +0 trident
 s - the +4 dagger of Causality {venom, rC+}
   (You took it off a goblin on level 3 of the Dungeon)

   It poisons the flesh of those it strikes.
   rC:        It protects you from cold.
Missiles
 r - 7 poisoned darts (quivered)
Armour
 b - a +0 scale mail (worn)
 c - a +0 buckler (worn)
 m - an orb of mayhem
 o - a +0 pair of gloves (worn)
Scrolls
 f - 2 scrolls of teleportation
 j - 2 scrolls of identify {unknown}
 l - 2 scrolls of amnesia {unknown}
 p - a scroll of enchant weapon {unknown}
 q - a scroll of fog {unknown}
Potions
 d - a potion of might
 e - a potion of curing {unknown}
 g - a potion of ambrosia {unknown}
 h - 3 potions of heal wounds {unknown}
 k - 3 potions of mutation {unknown}


   Skills:
 + Level 4.1 Fighting
 + Level 3.7 Axes
 + Level 0.1(1.7) Maces & Flails
 + Level 4.1 Armour
 + Level 0.3 Dodging
 + Level 3.8 Shields


You had 3 spell levels left.
You didn't know any spells.
Your spell library was empty.

Dungeon Overview and Level Annotations

Branches:
Dungeon (3/15)

Altars:
Ashenzari
Kikubaaqudgha
Wu Jian
Yredelemnul

Shops:
D:2 (

Annotations:
D:3 Menkaure


Message History

Level annotation: Menkaure Welcome back, oblizorion1 the Hill Orc Fighter.
Press ? for a list of commands and other information.
Level annotation: Menkaure Welcome back, oblizorion1 the Hill Orc Fighter.
Press ? for a list of commands and other information.
Done exploring.
There is a stone staircase leading down here.
There is a transporter here.
Menkaure rustles in an indecipherable tongue.
You start waiting.
Done waiting.
There is a transporter here.
You enter the transporter and appear at another place.
You barely miss the mummy. You hit the mummy.
The mummy is moderately damaged.
The mummy hits you.
You hit the mummy.
The mummy is heavily damaged.
You barely miss the mummy.
The mummy is heavily damaged.
The mummy closely misses you.
The scorpion zombie hits you but does no damage.
You hit the mummy but do no damage.
The mummy is heavily damaged.
The scorpion zombie barely misses you. The mummy closely misses you.
You hit the mummy.
The mummy is heavily damaged.
The scorpion zombie hits you.
You hit the mummy.
The mummy is severely damaged.
The scorpion zombie hits you but does no damage.
The mummy hits you.
You hit the mummy.
The mummy is almost destroyed.
The scorpion zombie hits you.
Menkaure calls on the powers of darkness!
Your body is wracked with pain!
The mummy hits you!
You die...

#######...#######
#.......©.......#
#.#############.#
#.#.)$_[⌠[_$$.#[#
#.#...........#.#
#.#..##...##..#.#
#.#..#8...8#..#.# ###
#.#..##..$##M.#.# #≈≈
#.#.....@.....#.# #≈.
#.#..##.MZ##:.#.# #≈.
#.#..#8..)8#..#.# #≈.
#.#..##...##..#.# #≈.
#.#...(.......#.#######≈.
#.#..........©#.##.....≈.
#.#############.##.####≈.
#.......©.......##.####.#
#######...#...........#.#


You could see Menkaure, a mummy and a scorpion zombie.

Vanquished Creatures
  An adder (D:2)
  2 worms (D:2)
  2 dart slugs (D:1)
  9 ball pythons
  5 endoplasms
  3 giant cockroaches
  9 goblins
  5 hobgoblins
  2 quokkas (D:1)
  A bat (D:1)
  2 frilled lizards (D:1)
  5 kobolds
  A quokka zombie (D:3)
  6 rats
53 creatures vanquished.

Vanquished Creatures (others)
  2 fungi (D:1)
2 creatures vanquished.

Grand Total: 55 creatures vanquished

Notes
Turn   | Place    | Note
-------+----------+-------------------------------------------
     0 | D:1      | oblizorion1 the Hill Orc Fighter began the quest for the
                  | Orb.
     0 | D:1      | Reached XP level 1. HP: 19/19 MP: 1/1
   302 | D:1      | Reached XP level 2. HP: 27/27 MP: 2/2
   629 | D:1      | Found a faded altar of an unknown god.
   634 | D:1      | Reached XP level 3. HP: 29/33 MP: 3/3
  1617 | D:2      | Reached XP level 4. HP: 40/40 MP: 4/4
  1756 | D:2      | Found Soxkus's Antique Weapon Shop.
  2199 | D:3      | Found an ornate altar of the Wu Jian Council.
  2200 | D:3      | Found a broken altar of Ashenzari.
  2539 | D:3      | Found a transporter.
  2542 | D:3      | Found a transporter.
  2550 | D:3      | Noticed Menkaure
  2550 | D:3      | Found an ancient bone altar of Kikubaaqudgha.
  2550 | D:3      | Found a basalt altar of Yredelemnul.
  3061 | D:3      | Identified the +4 dagger of Causality {venom, rC+}
  3606 | D:3      | Slain by a mummy

Illustrated notes

Levels and vault maps discovered:
D:1:      ebering_hopf_link, layout_loops_cross,
          shapermc_ecumenical_altar_ellora, minmay_misc_feat_alley,
          hangedman_glass_teeth
D:2:      layout_loops_ring, serial_shops, nicolae_square_shop
D:3:      layout_loops_cross, gammafunk_temple_of_torment,
          nicolae_overflow_squiral, minmay_misc_feat_hallway

Skill      XL: |  1  2  3 |
---------------+----------+-----
Fighting       | 4 |  4.1
Axes           | 3 |  3.7
Armour         | 4 |  4.1
Maces & Flails | |  0.1
Dodging        | |  0.3
Shields        | |  3.8

Action                   |  1- 3 |  4- 6 || total
-------------------------+-------+-------++-------
Melee: War axe           |   110 |       ||   110
       Whip              |    41 |    27 ||    68
Throw: Dart              |       |     1 ||     1
  Use: Scroll            |     1 |       ||     1
Armor: Scale mail        |    74 |    11 ||    85
Dodge: Dodged            |    86 |     5 ||    91
Block: Buckler           |    28 |     2 ||    30

Table legend: (Time is in decaauts)
 A = Elapsed time spent in this place.
 B = Non-inter-level travel time spent in this place.
 C = Inter-level travel time spent in this place.
 D = Time resting spent in this place.
 E = Time spent auto-exploring this place.
 F = Levels seen in this place.
 G = Mean time per level.
                   A        B        C        D        E       F      G
               +--------+--------+--------+--------+--------+-----+--------+
         Total |   3649 |   3444 |    205 |   1299 |   1347 |   3 | 1216.3 |
       Dungeon |   3649 |   3444 |    205 |   1299 |   1347 |   3 | 1216.3 |
               +--------+--------+--------+--------+--------+-----+--------+

Top non-repeatable levels by time:
     D:3: 1531 daAuts
     D:1: 1306 daAuts
     D:2: 812 daAuts
